 Dungeon Crawl Stone Soup version 0.30-a0-6-g7c9e10e132 (webtiles) character file.

Game seed: 7897576028722769664

634 Zeldest the Unbeliever (level 8, 0/63 HPs)
             Began as a Meteoran Wanderer on Aug 23, 2022.
             Succumbed to a kobold brigand's poison
             ... on level 6 of the Dungeon.
             The game lasted 00:12:58 (1906 turns).

Zeldest the Unbeliever (Meteoran Wanderer)          Turns: 1906, Time: 00:12:58

Health: 0/63       AC:  7    Str: 11      XL:     8   Next: 7%
Magic:  12/15      EV: 12    Int: 16 (17) God:
Gold:   168        SH:  0    Dex: 14 (15) Spells: 14/15 levels left

rFire   . . .      SeeInvis +    a - +0 dagger
rCold   . . .      Faith    .    (no shield)
rNeg    . . .      Spirit   .    c - +0 robe
rPois   .          Reflect  .    k - +2 helmet {SInv}
rElec   .          Harm     .    (no cloak)
rCorr   .          Rampage  .    (no gloves)
Will    +....                    (no boots)
Stlth   +.........               (no amulet)
HPRegen 0.20/turn                (no ring)
MPRegen 0.14/turn                (no ring)

@: lethally poisoned (0 -> -8), glowing, invisible (but backlit and visible)
A: sense surroundings 1, otherworldly, glowing, explore regen, iridescent scales
1, deterioration 1
a: no special abilities


You were on level 6 of the Dungeon.
You visited 2 branches of the dungeon, and saw 7 of its levels.

You collected 168 gold pieces.

Inventory:

Hand Weapons
 a - a +0 dagger (weapon)
Armour
 c - a +0 robe (worn)
 k - a +2 helmet of see invisible (worn)
Magical Staves
 b - a staff of poison
Jewellery
 f - a ring of ice
Wands
 d - a wand of polymorph (4) (quivered)
Scrolls
 h - 2 scrolls of poison
Potions
 g - a potion of degeneration


   Skills:
 + Level 3.4 Fighting
 - Level 1.2 Armour
 - Level 2.4 Dodging
 - Level 4.0 Spellcasting
 + Level 3.7 Conjurations
 - Level 2.4 Hexes
 + Level 3.3 Summonings
 + Level 4.1 Fire Magic
 + Level 4.5 Invocations
 - Level 1.2 Evocations


You had 14 spell levels left.
You knew the following spells:

 Your Spells              Type           Power      Damage    Failure   Level
a - Foxfire               Conj/Fire      60%        2x1d7     3%          1

Your spell library contained the following spells:

 Spells                   Type           Power      Damage    Failure   Level
 Magic Dart               Conj           60%        1d6       3%          1
 Searing Ray              Conj           30%        2d5       5%          2
 Slow                     Hex            40%        N/A       6%          1
 Conjure Flame            Conj/Fire      15%        6-21      10%         3
 Summon Guardian Golem    Hex/Summ       12%        N/A       16%         3
 Confusing Touch          Hex            10%        N/A       19%         3
 Portal Projectile        Hex/Tloc       14%        N/A       30%         3
 Fulminant Prism          Conj/Hex       6%         3d7       43%         4
 Vampiric Draining        Necr           3%         2d6       45%         3


Dungeon Overview and Level Annotations

Branches:
Dungeon (6/15) Zot: 1716   Temple (1/1) D:5 Zot: 587

Altars:
Fedhas
Gozag
Hepliaklqana
Makhleb
Nemelex Xobeh
Sif Muna
Uskayaw
Xom
The Shining One

Shops:
D:1 !   D:3 (   D:5 (

Annotations:
D:4 Pikel


Innate Abilities, Weirdness & Mutations

You passively map a small area around you.
You are easily found by Zot.
You glow in the dark.
You regain HP and MP as you explore.
You are partially covered in iridescent scales. (AC +2)
Your body sometimes deteriorates upon taking damage.


Message History

The foxfire hits the kobold brigand but does no damage.
The kobold brigand is lightly wounded.
Okay, then.
You feel sick.
The kobold brigand throws a poisoned dart.
The poisoned dart hits you!
You are lethally poisoned!
* * * LOW HITPOINT WARNING * * *
You feel sick.
The kobold brigand throws a poisoned dart.
The poisoned dart closely misses you.
It was a potion of invisibility.
You become transparent, but the glow from your body prevents you from becoming completely invisible.
* * * LOW HITPOINT WARNING * * *
You feel sick.
A kobold comes into view. It is wielding a +0 dagger.
Really quaff the potion of mutation? [Y]es or [N]o only, please.
Really quaff the potion of mutation?
You feel extremely strange.
Your magic regains its normal vibrancy.
Your fingernails shrink to normal size.
Iridescent scales grow over part of your body.
You feel yourself wasting away.
* * * LOW HITPOINT WARNING * * *
You feel sick.
The kobold brigand throws a poisoned dart.
The poisoned dart barely misses you.
Casting: Foxfire (safe; 3% risk of failure)
Confirm with . or Enter, or press ? or * to list all spells.
You conjure some foxfire!
* * * LOW HITPOINT WARNING * * *
You feel sick.
A kobold comes into view. It is wielding a +0 short sword.
The kobold brigand throws a poisoned dart.
The poisoned dart hits you!
You are more poisoned.
Your foxfire dissipates!
* * * LOW HITPOINT WARNING * * *
You feel sick.
You die...

* *#.# ,
##)#.# *
#<.#.# *
#K.#.# *
#.K#.# *
#K.#.#
#..#.#
,#..#.# *
#..#@# * *
#.#..#.##
#.§§§§§.#
* ***
*#########
,,, , ,, *
*


There were no monsters in sight!

Vanquished Creatures
  An ice beast (D:4)
  3 lemures (D:4)
  A gnoll sergeant (D:5)
  3 necrophages
  2 hounds
  A jelly (D:3)
  7 gnolls
  6 adders
  2 shadow imps
  A white imp (D:5)
  A worm (D:2)
  2 dart slugs
  4 orcs (D:4)
  4 bats
  5 endoplasms
  5 giant cockroaches
  7 goblins
  3 hobgoblins
  4 jackals (D:4)
  2 quokkas
  2 ball pythons (D:1)
  2 frilled lizards
  4 kobolds
  3 rats
75 creatures vanquished.

Vanquished Creatures (others)
  336 foxfires
336 creatures vanquished.

Grand Total: 411 creatures vanquished

Notes
Turn   | Place    | Note
-------+----------+-------------------------------------------
     0 | D:1      | Zeldest the Meteoran Wanderer began the quest for the Orb.
     0 | D:1      | Zeldest set off with the following items: a +0 dagger, a
                  | scroll of blinking, a +0 robe, a wand of polymorph (6); and
                  | the following spells available to memorise: Slow, Foxfire,
                  | Portal Projectile, Summon Guardian Golem, Conjure Flame.
     0 | D:1      | Reached XP level 1. HP: 14/14 MP: 5/5
     2 | D:1      | Learned a level 1 spell: Foxfire
    60 | D:1      | Reached XP level 2. HP: 15/22 MP: 2/6
   226 | D:1      | Found Overuts's Distillery.
   298 | D:2      | Reached skill level 1 in Conjurations
   298 | D:2      | Reached XP level 3. HP: 27/27 MP: 2/8
   380 | D:1      | Reached skill level 1 in Fighting
   532 | D:2      | Reached XP level 4. HP: 35/35 MP: 5/9
   544 | D:3      | Found Gacorgh's Antique Weapon Boutique.
   617 | D:3      | Noticed Ijyb
   644 | D:3      | Noticed Ijyb
   644 | D:3      | Ijyb changed into Ijyb the jelly
   647 | D:3      | Killed Ijyb the jelly
   648 | D:3      | Reached skill level 1 in Summonings
   648 | D:3      | Reached XP level 5. HP: 6/40 MP: 9/11
   766 | D:3      | Found a burning altar of Makhleb.
   831 | D:4      | Found a blossoming altar of Fedhas.
   832 | D:4      | Noticed a necrophage
   838 | D:4      | Killed a necrophage
   839 | D:4      | Reached XP level 6. HP: 48/48 MP: 6/12
   852 | D:4      | Noticed Pikel
  1082 | D:4      | Noticed an ice beast
  1114 | D:4      | Killed an ice beast
  1257 | D:4      | Reached XP level 7. HP: 23/55 MP: 5/14
  1508 | D:4      | Gained mutation: You have sharp fingernails. [potion of
                  | mutation]
  1508 | D:4      | Gained mutation: Your spells are a little easier to cast,
                  | but a little less powerful. [potion of mutation]
  1543 | D:5      | Entered Level 5 of the Dungeon
  1783 | D:5      | Found Ahiteyna's Weapon Boutique.
  1810 | D:5      | Found a staircase to the Ecumenical Temple.
  1820 | Temple   | Entered the Ecumenical Temple
  1879 | D:5      | Reached XP level 8. HP: 32/63 MP: 12/15
  1903 | D:6      | Lost mutation: Your spells are a little easier to cast, but
                  | a little less powerful. [potion of mutation]
  1903 | D:6      | Lost mutation: You have sharp fingernails. [potion of
                  | mutation]
  1903 | D:6      | Gained mutation: You are partially covered in iridescent
                  | scales. (AC +2) [potion of mutation]
  1903 | D:6      | Gained mutation: Your body sometimes deteriorates upon
                  | taking damage. [potion of mutation]
  1904 | D:6      | HP: 2/63 [poisoned by a kobold brigand]
  1906 | D:6      | Succumbed to a kobold brigand's poison

Illustrated notes

Levels and vault maps discovered:
D:1:      zaba_arrival_water, layout_basic, serial_shops,
          nicolae_shop_statue_plus, nicolae_shop_stone
D:2:      layout_rooms, shapermc_ecumenical_altar_mp_vishouse
D:3:      layout_rooms, nicolae_overflow_hidden_temple, serial_shops,
          nicolae_shop_window_shopping, uniq_ijyb, uniq_crazy_yiuf_cottage,
          uniq_robin
D:4:      layout_basic, amcnicky_altar_gilded, uniq_pikel
D:5:      layout_basic, tgw_kikubaaqudgha, nicolae_overflow_hallway_of_the_gods,
          minmay_temple_entry_purple_smoke, serial_shops, kennysheep_mini_moat,
          cheibrodos_sewer_entry_drain, minmay_strange_pillars,
          nicolae_concentric_dashed_squares_wild, uniq_grinder
D:6:      layout_basic
Temple:   nicolae_temple_little_seven

Skill      XL: |  1  2  3  4  5  6  7 |
---------------+----------------------+-----
Spellcasting   | 3 4 |  4.0
Conjurations   | 1 2 3 |  3.7
Fighting       | 1 2 3 |  3.4
Invocations    | 2 3 4 |  4.5
Fire Magic     | 2 3 4 |  4.1
Summonings     | 1 2 3 |  3.3
Armour         | |  1.2
Dodging        | |  2.4
Hexes          | |  2.4
Evocations     | |  1.2

Action                   |  1- 3 |  4- 6 |  7- 9 || total
-------------------------+-------+-------+-------++-------
Melee: Dagger            |     1 |    63 |    27 ||    91
 Cast: Foxfire           |    52 |    96 |    63 ||   211
Evoke: Wand              |       |     2 |    11 ||    13
  Use: Scroll            |     1 |     3 |     1 ||     5
       Potion            |       |     7 |     5 ||    12
Armor: Robe              |    20 |    54 |    23 ||    97
Dodge: Dodged            |    27 |    73 |    37 ||   137

Table legend: (Time is in decaauts)
 A = Elapsed time spent in this place.
 B = Non-inter-level travel time spent in this place.
 C = Inter-level travel time spent in this place.
 D = Time resting spent in this place.
 E = Time spent auto-exploring this place.
 F = Levels seen in this place.
 G = Mean time per level.
                   A        B        C        D        E       F      G
               +--------+--------+--------+--------+--------+-----+--------+
         Total |   1895 |   1844 |     51 |      0 |      0 |   7 |  270.7 |
       Dungeon |   1883 |   1832 |     51 |      0 |      0 |   6 |  313.8 |
        Temple |     12 |     12 |      0 |      0 |      0 |   1 |   12.0 |
               +--------+--------+--------+--------+--------+-----+--------+

Top non-repeatable levels by time:
     D:4: 701 daAuts
     D:1: 410 daAuts
     D:3: 356 daAuts
     D:5: 262 daAuts
     D:2: 132 daAuts
     D:6: 19 daAuts
  Temple: 12 daAuts
